 Dungeon Crawl Stone Soup version 0.24.0-37-gcf1ca852f1 (webtiles) character file.

Game seed: 5088474714522222719, levelgen mode: deterministic

87 Belius the Skirmisher (level 4, -1/37 HPs)
             Began as a Formicid Abyssal Knight on Dec 5, 2019.
             Was a Believer of Lugonu.
             Slain by a hound (4 damage)
             ... on level 5 of the Dungeon.
             The game lasted 00:06:07 (2250 turns).

Belius the Skirmisher (Formicid Abyssal Knight)     Turns: 2250, Time: 00:06:08

Health: -1/37      AC:  8    Str: 17    XL:     4   Next: 80%
Magic:  5/5        EV: 10    Int: 12    God:    Lugonu [**....]
Gold:   97         SH:  0    Dex: 13    Spells: 3/3 levels left

rFire    x . .     SeeInvis +   p - +2 whip (freeze)
rCold    . . .     Gourm    .   (no shield)
rNeg     + + .     Faith    .   q - +1 scale mail of the Peculiar Wars {rF- rN++ Dex+3 SInv}
rPois    .         Spirit   .   (helmet unavailable)
rElec    .         Reflect  .   g - +0 cloak
rCorr    .         Harm     .   (no gloves)
MR       .....                  (no boots)
Stlth    ..........             (no amulet)
HPRegen  0.12/turn              (no ring)
MPRegen  0.09/turn              (no ring)

@: no status effects
A: permanent stasis, dig shafts and tunnels, four strong arms, antennae 3
a: Dig, Shaft Self, Depart the Abyss, Bend Space, Renounce Religion


You were on level 5 of the Dungeon.
You worshipped Lugonu.
Lugonu was pleased with you.
You were very hungry.

You visited 1 branch of the dungeon, and saw 5 of its levels.
You visited the Abyss 1 time.

You collected 97 gold pieces.

Inventory:

Hand Weapons
 a - a +1 falchion
 p - a +2 whip of freezing (weapon)
Armour
 d - a +0 scale mail
 g - a +0 cloak (worn)
 h - a cursed -1 robe
 o - a +0 chain mail
 q - the +1 scale mail of the Peculiar Wars (worn) {rF- rN++ Dex+3 SInv}
   (You found it on level 5 of the Dungeon)

   It affects your dexterity (+3).
   It makes you vulnerable to fire.
   It greatly protects you from negative energy.
   It lets you see invisible.
Scrolls
 b - 2 scrolls of enchant armour {unknown}
 e - 2 scrolls of remove curse
 f - 2 scrolls of magic mapping
 i - a scroll of fear {unknown}
 l - a scroll of immolation {unknown}
 n - a scroll of enchant weapon {unknown}
Potions
 j - a potion of agility
 k - a potion of berserk rage
Comestibles
 c - 6 rations


   Skills:
 + Level 4.0 Fighting
 + Level 3.0 Long Blades
 + Level 3.1 Armour
 - Level 1.2 Dodging
 + Level 0.2 Stealth
 + Level 2.5 Invocations


You had 3 spell levels left.
You didn't know any spells.
Your spell library was empty.

Dungeon Overview and Level Annotations

Branches:
Dungeon (4/15)
 Temple: D:4-7

Altars:
Ashenzari
Dithmenos
Gozag
Kikubaaqudgha
Ru
Wu Jian
Yredelemnul
The Shining One

Annotations:
D:3 Grinder


Innate Abilities, Weirdness & Mutations

You cannot be hasted, slowed, berserked, paralysed or teleported.
You can dig through walls and to a lower floor.
Your four strong arms can wield two-handed weapons with a shield.
You have a pair of large antennae on your head. (SInv)


Message History

The hound barely misses you.
You continue putting on your spiked scale mail.
The hound bites you but does no damage.
You continue putting on your spiked scale mail.
The hound bites you but does no damage. The hound bites you.
* * * LOW HITPOINT WARNING * * *
You continue putting on your spiked scale mail.
The hound bites you.
* * * LOW HITPOINT WARNING * * *
You finish putting on the +1 scale mail of the Peculiar Wars {rF- rN++ Dex+3 SInv}.
Okay, then.
Okay, then.
Okay, then.
Okay, then.
The hound closely misses you.
Found an escape hatch in the ceiling.
Your scale mail of the Peculiar Wars prevents you from hitting the hound.
The hound is heavily wounded.
The hound bites you.
You die...

...........#
............## .
.............# ..
........(....# ...
.............## ....
..............#####.....
................h.....#
#...........########..#
.......@h..## #
<..........#
#...........#
.#.......♣♣.♣ .........♣
+# .........♣ .........♣
.........♣


You could see a hound.

Vanquished Creatures
  An ooze (D:2)
  2 worms
  2 dart slugs (D:1)
  3 leopard geckos
  2 orcs (D:4)
  8 bats
  4 giant cockroaches
  7 goblins
  4 hobgoblins
  7 jackals
  2 quokkas
  7 frilled lizards
  11 kobolds
  3 rats
  A spectral orc (D:2)
64 creatures vanquished.

Notes
Turn   | Place    | Note
-------+----------+-------------------------------------------
     0 | Abyss:1  | Belius the Formicid Abyssal Knight began the quest for the
                  | Orb.
     0 | Abyss:1  | Reached XP level 1. HP: 18/18 MP: 2/2
    47 | Abyss:1  | Found a corrupted altar of Lugonu.
    93 | D:1      | Escaped the Abyss
   102 | D:1      | Reached XP level 2. HP: 16/24 MP: 1/3
   143 | D:1      | Reached * piety under Lugonu
   443 | D:1      | Reached XP level 3. HP: 30/30 MP: 4/4
   621 | D:1      | Reached skill level 1 in Dodging
   881 | D:2      | Reached skill level 4 in Fighting
   926 | D:2      | Reached XP level 4. HP: 36/37 MP: 5/5
  1401 | D:2      | Found a shattered altar of Ashenzari.
  1403 | D:2      | Found a sacrificial altar of Ru.
  1403 | D:2      | Found a shadowy altar of Dithmenos.
  1403 | D:2      | Found an opulent altar of Gozag.
  1410 | D:2      | Found a glowing golden altar of the Shining One.
  1410 | D:2      | Found an ornate altar of the Wu Jian Council.
  1476 | D:2      | Found a glowing golden altar of the Shining One.
  1516 | D:2      | Found a basalt altar of Yredelemnul.
  1786 | D:3      | Found an ancient bone altar of Kikubaaqudgha.
  1854 | D:3      | Noticed Grinder
  1874 | D:4      | Reached ** piety under Lugonu
  1992 | D:4      | Noticed an ogre
  2196 | D:3      | You fall into a shaft and drop 2 floors!
  2196 | D:5      | Entered Level 5 of the Dungeon
  2231 | D:5      | Got a spiked scale mail
  2249 | D:5      | Identified the +1 scale mail of the Peculiar Wars {rF- rN++
                  | Dex+3 SInv} (You found it on level 5 of the Dungeon)
  2250 | D:5      | Slain by a hound

Levels and vault maps discovered:
D:1:      co_arrival_square_in_a_square_in_a_square, layout_loops_ring,
          minmay_tetromino_i2
D:2:      layout_basic, yredelemnul_forgotten_temple_becter,
          minmay_overflow_temple_hex, nicolae_tso_swordbearing_angel
D:3:      layout_basic, lemuel_round_altar, serial_co_window_serial,
          co_window_corner_a, co_window_paths_b, co_window_paths_a,
          co_window_cross_1, co_window_of_opportunity_a, co_window_paths_a,
          co_window_paths_a, co_window_paths_a, co_window_paths_b,
          co_window_2corner, co_window_of_opportunity_b, co_window_broadway_c,
          co_window_4corner_a, glass_columns_a, uniq_grinder
D:4:      layout_basic
D:5:      layout_cave_pods, serial_shops, kennysheep_mini_moat, first_ration

Skill      XL: |  1  2  3  4 |
---------------+-------------+-----
Dodging        | 1 |  1.2
Fighting       | 4 |  4.0
Armour         | 3 |  3.1
Long Blades    | 3 |  3.0
Stealth        | |  0.2
Invocations    | |  2.5

Action                   |  1- 3 |  4- 6 || total
-------------------------+-------+-------++-------
Melee: Falchion          |    80 |    87 ||   167
       Whip              |       |     4 ||     4
Invok: Depart the Abyss  |     1 |       ||     1
 Abil: Shaft Self        |       |     1 ||     1
  Use: Scroll            |       |     5 ||     5
       Potion            |       |     1 ||     1
  Eat: Ration            |       |     1 ||     1
Armor: Leather armour    |     5 |       ||     5
       Scale mail        |    57 |    49 ||   106
       Skin              |       |     2 ||     2
Dodge: Dodged            |    56 |    50 ||   106
       Rpst.: Falchion   |    16 |    15 ||    31
